[ AOE2 MATCH · #480129227 ]
1v1 RMDravidians vs Dravidians
Player's team · LOSS
[ REPLAY ANALYSIS · EXTRACTED FROM THE RECORDED GAME ]
Feudal
13:19
Castle
20:34
Imperial
—
| APM avg | 42.2 |
| APM peak | 96 |
| eAPM avg | 18.1 |
| Villagers / military | 35 / 1 |
Focus
⚔️ 18.8% · 🌾 81.2%
Unknown (2626) ×16 · Fishing Ship ×14 · Galley ×1
Feudal
13:01
Castle
16:58
Imperial
—
| APM avg | 33.3 |
| APM peak | 52 |
| eAPM avg | 14.9 |
| Villagers / military | 33 / 7 |
Focus
⚔️ 33.2% · 🌾 66.8%
Fishing Ship ×7 · Unknown (2626) ×6 · Urumi Swordsman ×6 · Fire Galley ×1
Match map
Initial resources + every placement click. Lines = walls · curves = elevation contours. ◆ gold · ⬟ stone · ● berries · ✦ relic · ◌ wall gap
Your base· Open — 4t gap
The Flying Dutch Saucer's base· Open — 11t gap
Smoothed initial terrain · ◌ = detected wall gap · hover for details
Inputs per minute
— tapankaikki - - The Flying Dutch Saucer
Build order — tapankaikki
102 actions detected in the replay
| 0:16 | Build | Town Center |
| 0:26 | Build | Dock |
| 0:28 | Build | House |
| 2:22 | Create | Villager (Male) |
| 2:22 | Create | Villager (Male) |
| 2:22 | Create | Villager (Male) |
| 2:22 | Create | Villager (Male) |
| 3:25 | Create | Fishing Ship |
| 3:26 | Create | Fishing Ship |
| 3:33 | Create | Villager (Male) |
| 4:19 | Create | Villager (Male) |
| 4:43 | Create | Villager (Male) |
| 5:08 | Create | Villager (Male) |
| 5:27 | Create | Villager (Male) |
| 5:38 | Create | Villager (Male) |
| 5:45 | Create | Fishing Ship |
| 5:45 | Create | Fishing Ship |
| 5:51 | Build | House |
| 6:21 | Create | Villager (Male) |
| 6:32 | Create | Villager (Male) |
| 6:37 | Create | Fishing Ship |
| 6:51 | Build | House |
| 6:56 | Create | Villager (Male) |
| 7:18 | Create | Fishing Ship |
| 7:28 | Create | Villager (Male) |
| 7:28 | Create | Villager (Male) |
| 7:28 | Create | Villager (Male) |
| 7:53 | Create | Villager (Male) |
| 7:57 | Create | Fishing Ship |
| 8:00 | Build | House |
| 8:06 | Build | House |
| 8:46 | Create | Villager (Male) |
| 8:47 | Create | Villager (Male) |
| 8:47 | Create | Villager (Male) |
| 8:48 | Create | Fishing Ship |
| 8:57 | Build | Lumber Camp |
| 9:19 | Build | House |
| 9:25 | Create | Fishing Ship |
| 9:57 | Create | Villager (Male) |
| 10:05 | Create | Fishing Ship |
| 10:20 | Build | Mill |
| 10:25 | Create | Villager (Male) |
| 10:44 | Research | Loom |
| 10:51 | Create | Fishing Ship |
| 11:09 | Research | Feudal Age |
| 11:22 | Build | Mining Camp |
| 11:28 | Create | Villager (Male) |
| 11:40 | Create | Fishing Ship |
| 12:09 | Build | Dock |
| 12:14 | Build | House |
| 12:15 | Build | House |
| 12:23 | Create | Fishing Ship |
| 12:51 | Create | Fishing Ship |
| 13:19 | Age | Feudal Age |
| 13:20 | Create | Unit 2626 ×4 |
| 13:26 | Create | Villager (Male) |
| 13:27 | Research | Double-Bit Axe |
| 13:32 | Research | Gold Mining |
| 13:48 | Create | Villager (Male) |
| 13:48 | Create | Villager (Male) |
| 14:13 | Create | Unit 2626 |
| 14:17 | Create | Villager (Male) |
| 14:22 | Build | Blacksmith |
| 14:45 | Create | Villager (Male) |
| 14:46 | Create | Villager (Male) |
| 15:04 | Build | Market |
| 15:08 | Research | Forging |
| 15:14 | Create | Galley |
| 15:19 | Create | Unit 2626 |
| 15:38 | Create | Villager (Male) |
| 15:46 | Create | Unit 2626 |
| 15:57 | Create | Unit 2626 |
| 15:58 | Create | Unit 2626 |
| 16:09 | Build | House |
| 16:30 | Create | Villager (Male) |
| 16:38 | Create | Unit 2626 |
| 16:38 | Create | Unit 2626 |
| 16:55 | Create | Villager (Male) |
| 17:28 | Create | Villager (Male) |
| 17:32 | Create | Unit 2626 |
| 17:32 | Create | Unit 2626 |
| 17:35 | Create | Unit 2626 |
| 17:48 | Research | Tech 906 |
| 17:52 | Research | Castle Age |
| 18:09 | Create | Villager (Male) |
| 18:25 | Build | House |
| 18:29 | Build | House |
| 18:32 | Build | House |
| 19:02 | Build | Mining Camp |
| 19:37 | Build | Lumber Camp |
| 19:39 | Create | Unit 2626 |
| 19:40 | Create | Unit 2626 |
| 20:00 | Research | Tech 906 |
| 20:29 | Build | House |
| 20:34 | Age | Castle Age |
| 20:40 | Build | Town Center |
| 20:45 | Research | Bow Saw |
| 20:47 | Create | Villager (Male) |
| 20:50 | Research | War Galley (upgrade) |
| 20:55 | Build | House |
| 21:09 | Build | Palisade Wall |
| 21:17 | Build | Palisade Wall |
Build order — The Flying Dutch Saucer
83 actions detected in the replay
| 0:07 | Build | Town Center |
| 0:39 | Build | Dock |
| 2:13 | Create | Villager (Male) |
| 2:14 | Create | Villager (Male) |
| 2:14 | Create | Villager (Male) |
| 2:14 | Create | Villager (Male) |
| 2:52 | Create | Fishing Ship |
| 2:52 | Create | Fishing Ship |
| 3:29 | Create | Villager (Male) |
| 3:46 | Create | Fishing Ship |
| 3:58 | Research | Loom |
| 4:06 | Build | House |
| 4:47 | Create | Villager (Male) |
| 5:00 | Create | Fishing Ship |
| 5:06 | Build | House |
| 5:14 | Create | Villager (Male) |
| 5:46 | Create | Villager (Male) |
| 5:47 | Create | Fishing Ship |
| 6:04 | Create | Villager (Male) |
| 6:21 | Build | House |
| 6:39 | Create | Villager (Male) |
| 6:58 | Create | Villager (Male) |
| 7:06 | Create | Villager (Male) |
| 7:26 | Create | Villager (Male) |
| 7:48 | Create | Villager (Male) |
| 8:35 | Create | Villager (Male) |
| 8:37 | Create | Fishing Ship |
| 8:41 | Create | Villager (Male) |
| 8:46 | Create | Villager (Male) |
| 8:54 | Build | House |
| 9:29 | Build | Mining Camp |
| 9:40 | Create | Fishing Ship |
| 9:42 | Create | Villager (Male) |
| 10:26 | Create | Villager (Male) |
| 10:28 | Research | Feudal Age |
| 10:41 | Build | Mill |
| 11:48 | Build | Dock |
| 11:49 | Create | Villager (Male) |
| 12:09 | Create | Villager (Male) |
| 12:38 | Create | Villager (Male) |
| 12:54 | Build | Mining Camp |
| 13:01 | Age | Feudal Age |
| 13:07 | Build | Market |
| 13:09 | Build | Blacksmith |
| 13:27 | Create | Unit 2626 |
| 13:27 | Create | Unit 2626 |
| 13:53 | Research | Town Watch |
| 14:02 | Research | Castle Age |
| 14:25 | Create | Villager (Male) |
| 14:32 | Build | Lumber Camp |
| 14:46 | Create | Unit 2626 |
| 14:54 | Build | House |
| 14:59 | Create | Villager (Male) |
| 15:20 | Research | Double-Bit Axe |
| 16:12 | Create | Villager (Male) |
| 16:15 | Create | Villager (Male) |
| 16:25 | Create | Fire Galley |
| 16:58 | Age | Castle Age |
| 17:06 | Create | Villager (Male) |
| 17:14 | Build | Outpost |
| 17:19 | Research | Bow Saw |
| 17:28 | Create | Unit 2626 |
| 17:28 | Create | Unit 2626 |
| 17:34 | Research | War Galley (upgrade) |
| 17:40 | Create | Villager (Male) |
| 17:43 | Create | Villager (Male) |
| 18:04 | Build | Outpost |
| 18:30 | Build | Castle |
| 18:35 | Build | Castle |
| 18:43 | Build | Palisade Wall |
| 18:48 | Create | Villager (Male) |
| 18:51 | Create | Villager (Male) |
| 18:59 | Build | Palisade Wall |
| 19:28 | Create | Urumi Swordsman |
| 19:28 | Create | Urumi Swordsman |
| 19:30 | Create | Urumi Swordsman |
| 19:36 | Build | Mill |
| 19:52 | Create | Urumi Swordsman |
| 20:10 | Create | Urumi Swordsman |
| 20:40 | Create | Urumi Swordsman |
| 20:56 | Create | Unit 2626 |
| 20:58 | Create | Villager (Male) |
| 21:50 | Create | Villager (Male) |
Match timeline
| 0:26 | tapankaikki · first_building Dock |
| 0:39 | The Flying Dutch Saucer · first_building Dock |
| 13:01 | The Flying Dutch Saucer · age_up feudal |
| 13:19 | tapankaikki · age_up feudal |
| 16:58 | The Flying Dutch Saucer · age_up castle |
| 17:37 | tapankaikki · first_market_sell 100 wood |
| 18:30 | The Flying Dutch Saucer · first_building Castle |
| 18:43 | The Flying Dutch Saucer · wall_segment Palisade Wall x1 |
| 18:59 | The Flying Dutch Saucer · wall_segment Palisade Wall x1 |
| 19:49 | The Flying Dutch Saucer · first_market_sell 100 stone |
| 19:50 | The Flying Dutch Saucer · first_market_buy 100 food |
| 20:34 | tapankaikki · age_up castle |
| 21:09 | tapankaikki · wall_segment Palisade Wall x1 |
| 21:17 | tapankaikki · wall_segment Palisade Wall x1 |
| 21:56 | tapankaikki · resign |
[ AI ANALYSIS · 1 CREDIT ]
What really happened in this match?
Wolo.gg analyzes every decision: build order, eco, micro, common mistakes by bracket. Personalized analysis on WhatsApp or Discord in 30 seconds.
Civ guide
Dravidians
Map guide
Nomad
Perfil
Jugador #9951273